 Dungeon Crawl Stone Soup version 0.31-a0-263-ge8cad7f256 (webtiles) character file.

Game seed: 16640321922887671362

25 qw the Shooter (level 3, 0/21 HPs)
             Began as a Gargoyle Hexslinger on July 13, 2023.
             Slain by a kobold
             ... wielding a +0 short sword
              (2 damage)
             ... on level 1 of the Dungeon.
             The game lasted 00:00:14 (444 turns).

qw the Shooter (Gargoyle Hexslinger)                 Turns: 444, Time: 00:00:15

Health: 0/21       AC:  5    Str: 11    XL:     3   Next: 6%
Magic:  4/4        EV: 12    Int: 13    God:
Gold:   37         SH:  0    Dex: 14    Spells: 3/4 levels left

rFire   . . .        a - +1 sling
rCold   . . .        (no shield)
rNeg    + . .        c - +0 robe
rPois   inf          (no helmet)
rElec   +            (no cloak)
rCorr   .            (no gloves)
SInv    .            (no boots)
Will    .....        (no amulet)
Stlth   +            (no ring)
HPRegen 0.23/turn    (no ring)
MPRegen 0.09/turn

%: no passive effects
@: no status effects
A: sickness immunity, AC +3, negative energy resistance 1, electricity
resistance, torment resistance 1, petrification resistance
a: no special abilities


You were on level 1 of the Dungeon.
You visited 1 branch of the dungeon, and saw 1 of its levels.

You collected 37 gold pieces.


Innate Abilities, Weirdness & Mutations

You are immune to sickness and miasma.
Your stone body is resilient. (AC +3)
You are immune to poison.
You resist negative energy. (rN+)
You are resistant to electric shocks. (rElec)
You are resistant to unholy torment.
You are immune to petrification.


   Skills:
 - Level 2.0 Fighting
 + Level 3.0 Ranged Weapons
 - Level 1.5 Dodging
 - Level 1.0 Spellcasting
 - Level 2.6 Hexes


You had 3 spell levels left.
You knew the following spells:

 Your Spells              Type           Power      Damage    Failure   Level
a - Slow                  Hex            28%        N/A       10%         1

Your spell library contained the following spells:

 Spells                   Type           Power      Damage    Failure   Level
 Inner Flame              Hex/Fire       4%         N/A       43%         3
 Portal Projectile        Hex/Tloc       8%         N/A       43%         3
 Cause Fear               Hex            3%         N/A       67%         4

Inventory:

Hand Weapons
 a - a +1 sling (weapon)
Armour
 c - a +0 robe (worn)
Jewellery
 d - a ring of magical power
Scrolls
 b - a scroll of poison
 f - a scroll of blinking {unknown}
Potions
 e - a potion of haste {unknown}

Dungeon Overview and Level Annotations

Branches:
Dungeon (1/15)

Altars:


Message History

You kill the kobold!
The giant cockroach closely misses you. The kobold completely misses you.
Your Fighting skill increases to level 2!
You have reached level 3!
Your experience leads to an increase in your attributes!
Increase (S)trength, (I)ntelligence, or (D)exterity?
You feel agile. x2
You shoot a sling bullet.
The sling bullet barely misses the giant cockroach.
The giant cockroach bites you. The kobold hits you but does no damage.
You shoot a sling bullet.
The sling bullet closely misses the giant cockroach.
The giant cockroach barely misses you. The kobold barely misses you.
The giant cockroach misses you.
You shoot a sling bullet.
The sling bullet barely misses the giant cockroach.
The kobold misses you.
The giant cockroach bites you but does no damage.
The kobold closely misses you. The giant cockroach closely misses you.
You shoot a sling bullet.
The sling bullet closely misses the giant cockroach.
The giant cockroach closely misses you. The kobold hits you but does no damage.
You shoot a sling bullet.
The sling bullet hits the giant cockroach.
The giant cockroach is severely wounded.
The giant cockroach misses you.
The kobold hits you with a +0 short sword.
The giant cockroach bites you but does no damage.
You shoot a sling bullet.
The sling bullet closely misses the giant cockroach.
The kobold hits you with a +0 short sword.
The giant cockroach bites you but does no damage.
You shoot a sling bullet.
The sling bullet hits the giant cockroach.
You kill the giant cockroach!
The kobold hits you with a +0 short sword.
The kobold hits you but does no damage.
You shoot a sling bullet. The sling bullet misses the kobold.
The kobold hits you with a +0 short sword.
You die...

....... .....
....... #....#
....... #. #....#
...... ... #....#
....# ... ##....#
....### ...
#.....###).....#
#...
#.....##@%.....#
....
#........K.....#
...%.
+............:..
..#..
#.#.....%.......##
.....
#.#....##.......+
#...#
#.###.##........#
.....
#.##...###......#
..... #.##.###
.......# ..##.
#.#%%..# ##......
.....


You could see a kobold.

Vanquished Creatures
  3 ball pythons (D:1)
  3 bats (D:1)
  2 endoplasms (D:1)
  5 giant cockroaches (D:1)
  3 hobgoblins (D:1)
  2 kobolds (D:1)
  A frilled lizard (D:1)
  3 rats (D:1)
22 creatures vanquished.

Notes
Turn   | Place    | Note
-------+----------+-------------------------------------------
     0 | D:1      | qw the Gargoyle Hexslinger began the quest for the Orb.
     0 | D:1      | Reached XP level 1. HP: 12/12 MP: 2/2
     0 | D:1      | 0 ||| qw: Version: 0.3-a-52-g30416fa
     0 | D:1      | 0 ||| qw: Game counter: 7212
     0 | D:1      | 0 ||| qw: Melee chars always use a shield: true
     0 | D:1      | 0 ||| qw: God list: Okawaru
     0 | D:1      | 0 ||| qw: Allow faded altars: false
     0 | D:1      | 0 ||| qw: Do Orc after clearing Dungeon:15 true
     0 | D:1      | 0 ||| qw: Do second Lair branch before Depths: true
     0 | D:1      | 0 ||| qw: Lair rune preference: random
     0 | D:1      | 0 ||| qw: Goals: Normal
     0 | D:1      | 0 ||| PLANNING D:1-11
   130 | D:1      | Reached XP level 2. HP: 16/16 MP: 3/3
   355 | D:1      | Reached skill level 3 in Ranged Weapons
   437 | D:1      | Reached XP level 3. HP: 12/21 MP: 4/4
   442 | D:1      | HP: 5/21 [kobold/+0 short sword (3)]
   443 | D:1      | HP: 2/21 [kobold/+0 short sword (3)]
   444 | D:1      | Slain by a kobold

Levels and vault maps discovered:
D:1:      psy_arrival_radial01, layout_basic, minmay_misc_feat_tiny,
          minmay_worlds_worst_comb

Skill      XL: |  1  2 |
---------------+-------+-----
Ranged Weapons | 3 |  3.0
Fighting       | 2 |  2.0
Dodging        | |  1.5
Spellcasting   | |  1.0
Hexes          | |  2.6

Action                     || total
---------------------------++-------
   Fire: Sling             ||    80
 Armour: Robe              ||    28
  Dodge: Dodged            ||    56

Table legend:
 A = Non-vault XP
 B = Vault XP
 C = Vault XP percentage of total XP
 D = Non-vault monster count
 E = Vault monster count
 F = Vault count percentage of total count
                 A         B        C        D         E       F
            +---------+---------+-------+---------+---------+-------
      Total |      31 |       6 |  16.2 |      19 |       3 |  13.6
            +---------+---------+-------+---------+---------+-------
        D:1 |      31 |       6 |  16.2 |      19 |       3 |  13.6
            +---------+---------+-------+---------+---------+-------
